 Dungeon Sprint DCSS version 0.21-a0-414-gba8bdf1 (webtiles) character file.

14 Kidiri the Ruffian (level 2, -7/25 HPs)
             Began as a Draconian Transmuter on Nov 2, 2017.
             Was a Believer of Wu Jian.
             Mangled by a fire bat (9 damage)
             ... in the Dungeon (Sprint VII: "The Pits").
             The game lasted 00:01:35 (266 turns).

Kidiri the Ruffian (Draconian Transmuter)            Turns: 266, Time: 00:01:35

Health: -7/25      AC:  4    Str: 12    XL:     2   Next: 31%
Magic:  1/5        EV: 12    Int: 13    God:    Wu Jian [**....]
Gold:   0          SH:  0    Dex: 11    Spells: 3/6 levels left

rFire    . . .     SeeInvis .     - Unarmed
rCold    . . .     Gourm    .   (no shield)
rNeg     . . .     Faith    .   (armour unavailable)
rPois    .         Spirit   .   (helmet restricted)
rElec    .         Reflect  .   (no cloak)
rCorr    .         Harm     .   (no gloves)
MR       .....     NoTele   +   (boots currently unavailable)
Stlth    ++........             (no amulet)
HPRegen  0.08/turn              (no ring)
MPRegen  0.09/turn              (no ring)

@: appendage, very slightly contaminated
A: unfitting armour, talons 3, cold-blooded, AC +4
a: End Transformation, Renounce Religion


You were in the Dungeon.
You worshipped Wu Jian.
Wu Jian was pleased with you.
You were not hungry.
You had grown temporary talons.
You visited 1 branch

Inventory:

Missiles
 a - 11 arrows
Scrolls
 i - a scroll of blinking
 k - 3 scrolls of remove curse
 l - 5 scrolls of amnesia
 m - a scroll of summoning
Potions
 f - a potion of haste
 g - 4 potions of magic
 h - 3 potions of berserk rage
 j - 2 potions of invisibility
Books
 b - a book of Changes

   Spells                             Type                      Level
   a - Beastly Appendage              Transmutation                1
   b - Sticks to Snakes               Transmutation                2
   c - Spider Form                    Transmutation/Poison         3
   d - Ice Form                       Ice/Transmutation            4
   e - Blade Hands                    Transmutation                5
Comestibles
 c - 8 bread rations
 n - 40 fruits
 o - 7 meat rations
 p - 4 chunks of flesh


   Skills:
 * Level 2.4 Fighting
 * Level 2.6 Dodging
 + Level 1.1 Stealth
 * Level 3.6 Unarmed Combat
 * Level 2.7 Spellcasting
 + Level 2.4 Transmutations


You had 3 spell levels left.
You knew the following spells:

 Your Spells              Type           Power        Failure   Level  Hunger
a - Beastly Appendage     Tmut           #.....       9%          1    #......
b - Sticks to Snakes      Tmut           #.......     13%         2    ###....


Dungeon Overview and Level Annotations

Branches:
Dungeon (1/1)

Altars:
Ashenzari
Cheibriados
Dithmenos
Elyvilon
Fedhas
Gozag
Hepliaklqana
Kikubaaqudgha
Makhleb
Nemelex Xobeh
Okawaru
Qazlal
Ru
Sif Muna
Trog
Uskayaw
Vehumet
Wu Jian
Xom
Yredelemnul
Zin
The Shining One
Beogh
Jiyva
Lugonu

Annotations:
D exclusions: 6 doors and 6 more exclusions


Innate Abilities, Weirdness & Mutations

Your plain brown scales are hard. (AC +4)
You cannot fit into any form of body armour.
You are cold-blooded and may be slowed by cold attacks.
You have claws for feet.


Message History

Your feet morph into talons.
The fire bat bites you.
You are engulfed in flames!
* * * LOW HITPOINT WARNING * * *
Your ball python misses the fire bat. x2; The ooze closely misses you.
Unknown command.
You feel much better. The fire bat bites you.
You are engulfed in flames!
The fire bat bites you.
You are engulfed in flames!
* * * LOW HITPOINT WARNING * * *
Your ball python completely misses the fire bat.
Your ball python barely misses the fire bat.
The ooze hits you.
* * * LOW HITPOINT WARNING * * *
The fire bat barely misses your ball python.
Unknown command.
You spin and attack the ooze.
You hit the ooze.
The ooze is almost dead.
The fire bat bites you.
* * * LOW HITPOINT WARNING * * *
You are engulfed in flames!
You die...

#_________.#
#_______...#########
##########+##.......
#.?(.+)))+.##......#
##########.##.......
#...........'.......
#+#####'#####......#
#.b...# #.......
#@JS..# ####+###
###'### #.......
#..K..# #.......
#...†.# #.......
####'## #...<...
..... #.......
#........ #.......
###########.......
########


You could see a fire bat, an ooze and a friendly ball python.

Vanquished Creatures
  An ufetubus (D)
  4 jackals (D)
  A quokka (D)
  2 ball pythons (D)
  A rat (D)
9 creatures vanquished.

Notes
Turn   | Place    | Note
-------+----------+-------------------------------------------
     0 | D        | Kidiri the Draconian Transmuter began the quest for the Orb.
     0 | D        | Reached XP level 1. HP: 16/16 MP: 3/3
   121 | D        | Found a bloodstained altar of Trog.
   121 | D        | Found a deep blue altar of Sif Muna.
   121 | D        | Found a viscous altar of Jiyva.
   121 | D        | Found a hazy altar of Hepliaklqana.
   121 | D        | Found an opulent altar of Gozag.
   122 | D        | Found a glowing golden altar of the Shining One.
   122 | D        | Found a glowing silver altar of Zin.
   122 | D        | Found a basalt altar of Yredelemnul.
   122 | D        | Found a shimmering altar of Xom.
   122 | D        | Found an ornate altar of the Wu Jian Council.
   122 | D        | Found a sacrificial altar of Ru.
   122 | D        | Found a stormy altar of Qazlal.
   122 | D        | Found an iron altar of Okawaru.
   122 | D        | Found a sparkling altar of Nemelex Xobeh.
   122 | D        | Found a burning altar of Makhleb.
   122 | D        | Found a blossoming altar of Fedhas.
   122 | D        | Found a white marble altar of Elyvilon.
   122 | D        | Found a shadowy altar of Dithmenos.
   122 | D        | Found a snail-covered altar of Cheibriados.
   125 | D        | Found a corrupted altar of Lugonu.
   125 | D        | Found a radiant altar of Vehumet.
   125 | D        | Found a roughly hewn altar of Beogh.
   126 | D        | Found an ancient bone altar of Kikubaaqudgha.
   126 | D        | Found a hide-covered altar of Uskayaw.
   126 | D        | Found a shattered altar of Ashenzari.
   133 | D        | Became a worshipper of the Wu Jian Council
   196 | D        | Reached * piety under Wu Jian
   196 | D        | Reached XP level 2. HP: 23/24 MP: 2/5
   228 | D        | Learned a level 2 spell: Sticks to Snakes
   250 | D        | Noticed a fire bat
   250 | D        | Reached skill level 1 in Stealth
   251 | D        | Reached ** piety under Wu Jian
   266 | D        | Mangled by a fire bat

Vault maps used:
D:        pitsprint

Skill      XL: |  1  2 |
---------------+-------+-----
Dodging        | 2 |  2.6
Fighting       | 2 |  2.4
Stealth        | 1 |  1.1
Unarmed Combat | |  3.6
Spellcasting   | |  2.7
Transmutations | |  2.4

Action                   || total
-------------------------++-------
Melee: Unarmed           ||    28
       Kick              ||     4
       Headbutt          ||     1
       Tailslap          ||     4
 Cast: Beastly Appendage ||     6
       Sticks to Snakes  ||     1
  Use: Potion            ||     2
Armor: Skin              ||     8
Dodge: Dodged            ||    24

Table legend:
 A = Spawn XP
 B = Non-spawn XP
 C = Spawn XP percentage of total XP
 D = Spawn monster count
 E = Non-spawn monster count
 F = Spawn count percentage of total count
 G = Total turns spent on level
                    A         B        C        D         E        F      G
               +---------+---------+-------+---------+---------+-------+---------
         Total |       0 |      21 |   0.0 |       0 |       9 |   0.0 |   266
               +---------+---------+-------+---------+---------+-------+---------
             D |       0 |      21 |   0.0 |       0 |       9 |   0.0 |   266
               +---------+---------+-------+---------+---------+-------+---------
